 Dungeon Crawl Stone Soup version 0.22.1-1-ga44c0e5 (webtiles) character file.

149 buskinjo2 the Slasher (level 5, 0/36 HPs)
             Began as an Octopode Chaos Knight on Sept 30, 2018.
             Killed by divine providence
             ... invoked by an orc priest
              (13 damage)
             ... on level 3 of the Dungeon.
             The game lasted 00:05:15 (1838 turns).

buskinjo2 the Slasher (Octopode Chaos Knight)       Turns: 1838, Time: 00:05:16

Health: 0/36       AC:  1    Str: 12    XL:     5   Next: 31%
Magic:  14/14      EV: 13    Int: 15    God:    Xom [.*....]
Gold:   108        SH:  0    Dex: 11    Spells: 4/4 levels left

rFire    . . .     SeeInvis .   a - +0 falchion (chaos)
rCold    . . .     Gourm    .   (no shield)
rNeg     . . .     Faith    .   j - +0 hat {MR+}
rPois    .         Spirit   .   (no amulet)
rElec    .         Reflect  .   h - ring of magical power
rCorr    .         Harm     .   (no ring)
MR       +....                  (no ring)
Stlth    ++........             (no ring)
HPRegen  0.12/turn              (no ring)
MPRegen  0.14/turn              (no ring)
                                (no ring)
                                (no ring)

@: no status effects
A: almost no armour, stealthy swim, amphibious, 8 rings, constrict 8, camouflage
1, gelatinous body 1
a: Renounce Religion


You were on level 3 of the Dungeon.
You worshipped Xom.
You were a plaything of Xom.
You were hungry.

You visited 1 branch of the dungeon, and saw 3 of its levels.

You collected 108 gold pieces.

Inventory:

Hand Weapons
 a - a +0 falchion of chaos (weapon)
Missiles
 c - 103 stones (quivered)
Armour
 j - a +0 hat of magic resistance (worn)
Jewellery
 h - a ring of magical power (left tentacle)
Scrolls
 e - a scroll of teleportation {unknown}
 i - a scroll of amnesia
 o - a scroll of random uselessness {unknown}
Potions
 d - a potion of mutation
 f - a potion of invisibility
 g - a potion of agility
 l - a potion of berserk rage {unknown}
 m - a potion of degeneration {unknown}
 n - a potion of magic {unknown}
 p - 2 potions of heal wounds {unknown}
Comestibles
 b - 7 rations


   Skills:
 - Level 3.0 Fighting
 * Level 5.8 Long Blades
 + Level 2.4 Dodging


You had 4 spell levels left.
You didn't know any spells.
Your spell library was empty.

Dungeon Overview and Level Annotations

Branches:
Dungeon (3/15)

Altars:


Innate Abilities, Weirdness & Mutations

You cannot wear most types of armour.
You are very stealthy in the water. (Stealth+)
You are amphibious.
You can wear up to eight rings at the same time.
You can use your tentacles to constrict eight enemies at once.
Your skin changes colour to match your surroundings (Stealth+).
Your rubbery body absorbs attacks. (AC +1, EV +1)


Message History

The orc wizard casts a spell.
The orc wizard flickers and vanishes!
Deactivating autopickup; reactivate with Ctrl-A.
You are too injured to fight recklessly!
That item cannot be evoked!
You barely miss the orc. You grab the orc. You constrict the orc.
The orc hits you with a short sword.
You hit the orc.
The orc appears confused.
The orc is heavily wounded.
You constrict the orc.
The orc barely misses the orc.
You hit the orc. You burn the orc.
You kill the orc!
You hit the orc. Lightning courses through the orc!
You kill the orc!
You hit the orc.
The orc flickers and vanishes!
Xom is mildly amused.
The orc priest invokes the aid of Beogh against you.
Beogh smites you!
You die...
Xom howls with laughter!

#######.# $.......#
#######.######
######............#
#..##.....##.####.#####
##.##.###.##.####o.....
#.##.# #.....o)oo..#
#.##.###.###{###.#.#
#.##.....# #@# o.
#.###..### #.# .#
#.###..# #.# # #......#
#.# ######.#####.##
#.<.....<. #######.##
#.#


You could see an orc priest.

Vanquished Creatures
  Jessica (D:2)
  Robin (D:2)
  2 adders
  2 gnolls (D:2)
  2 dart slugs
  A leopard gecko (D:1)
  3 orcs (D:3)
  2 ball pythons
  A giant cockroach (D:1)
  7 hobgoblins
  7 jackals (D:2)
  10 kobolds
  3 bats
  2 frilled lizards (D:2)
  11 goblins
  5 rats
60 creatures vanquished.

Vanquished Creatures (collateral kills)
  A gnoll (D:2)
1 creature vanquished.

Grand Total: 61 creatures vanquished

Notes
Turn   | Place    | Note
-------+----------+-------------------------------------------
     0 | D:1      | buskinjo2 the Octopode Chaos Knight began the quest for the
                  | Orb.
     0 | D:1      | Reached XP level 1. HP: 16/16 MP: 1/1
    61 | D:1      | XOM: divination: magic mapping
   193 | D:1      | Reached XP level 2. HP: 18/21 MP: 2/2
   316 | D:1      | XOM: harmless Ice miscast
   496 | D:1      | XOM: butterfly on damage
   508 | D:1      | Reached skill level 4 in Long Blades
   829 | D:1      | Reached XP level 3. HP: 26/26 MP: 3/3
   925 | D:2      | Noticed Jessica
   963 | D:2      | Killed Jessica
  1033 | D:2      | Reached XP level 4. HP: 28/31 MP: 4/4
  1045 | D:2      | XOM: summons friendly iron imp
  1049 | D:2      | Reached skill level 5 in Long Blades
  1416 | D:2      | Noticed Robin
  1425 | D:2      | Killed Robin
  1425 | D:2      | Reached XP level 5. HP: 15/36 MP: 5/5
  1838 | D:3      | Killed from afar by an orc priest

Skill      XL: |  1  2  3  4 |
---------------+-------------+-----
Long Blades    | 4 5 |  5.8
Fighting       | |  3.0
Dodging        | |  2.4

Action                   |  1- 3 |  4- 6 || total
-------------------------+-------+-------++-------
Melee: Falchion          |    47 |    59 ||   106
       Constrict         |    13 |    17 ||    30
       Tentacles         |     5 |    10 ||    15
Throw: Stone             |       |     1 ||     1
  Use: Scroll            |     3 |     2 ||     5
       Potion            |       |     1 ||     1
 Stab: Sleeping          |     1 |     1 ||     2
       Petrifying        |       |     1 ||     1
       Distracted        |       |     1 ||     1
  Eat: Chunk             |       |     2 ||     2
Armor: Skin              |     4 |       ||     4
Dodge: Dodged            |    33 |    32 ||    65
       Rpst.: Falchion   |    14 |     4 ||    18
